NCAA
ARIZONA WILDCATS @ MICHIGAN WOLVERINES
05/03/2027
 
TOP OF THE 1ST
Arizona Wildcats batting - Pitching for Michigan Wolverines : RHP Juan García
Pitching: RHP Juan García
Batting: RHB Jesús Ortíz 0-0: Ball
1-0: Ground out 6-3 (Groundball, 6S)
Batting: RHB Donald Fenner 0-0: SINGLE (Line Drive, 78S)
Batting: RHB Arnold Flint 0-0: Ball
1-0: Foul Ball, location: 2F
1-1: Foul Ball, location: 2F
1-2: Strikes out swinging
Batting: RHB Jake Lawrence 0-0: Ball
1-0: Called Strike
1-1: Foul Ball, location: 2F
1-2: SINGLE (Flyball, 7S)
Donald Fenner to second
Batting: RHB Jon Hartley 0-0: Called Strike
0-1: Foul Ball, location: 2F
0-2: Ball
1-2: Ground out 6-3 (Groundball, 6S)
Top of the 1st over - 0 run(s), 2 hit(s), 0 error(s), 2 left on base; Arizona 0 - Michigan 0
BOTTOM OF THE 1ST
Michigan Wolverines batting - Pitching for Arizona Wildcats : RHP Michael Abrams
Pitching: RHP Michael Abrams
Batting: RHB Mark Brewer 0-0: Fly out, F9 (Flyball, 9)
Batting: RHB Bryan Koonts 0-0: Called Strike
0-1: SINGLE (Flyball, 89S)
Batting: RHB Jake Brown 0-0: Ball
Bryan Koonts is caught stealing 2nd base
1-0: Fly out, F7 (Flyball, 78M)
Bottom of the 1st over - 0 run(s), 1 hit(s), 0 error(s), 0 left on base; Arizona 0 - Michigan 0
TOP OF THE 2ND
Arizona Wildcats batting - Pitching for Michigan Wolverines : RHP Juan García
Batting: RHB Juan Navarro 0-0: Called Strike
0-1: Foul Ball, location: 2F
0-2: Ball
1-2: Ball
2-2: Foul Ball, location: 2F
2-2: Foul Ball, location: 2F
2-2: Foul Ball, location: 2F
2-2: Ground out 4-3 (Groundball, 4)
Batting: RHB Lúcio Pagán 0-0: Ball
1-0: Fly out, F5 (Popup, 5L)
Batting: RHB Dean Oglethorpe 0-0: Called Strike
0-1: Ball
1-1: Foul Ball, location: 2F
1-2: Ball
2-2: Ball
3-2: Strikes out swinging
Top of the 2nd over - 0 run(s), 0 hit(s), 0 error(s), 0 left on base; Arizona 0 - Michigan 0
BOTTOM OF THE 2ND
Michigan Wolverines batting - Pitching for Arizona Wildcats : RHP Michael Abrams
Batting: RHB Bill Andrews 0-0: Ball
1-0: Foul Ball, location: 2F
1-1: Ball
2-1: Ball
3-1: Fly out, F9 (Flyball, 9)
Batting: RHB Walt Green 0-0: Called Strike
0-1: Ball
1-1: Ball
2-1: Ground out 4-3 (Groundball, 4M)
Batting: LHB Leon Malone 0-0: Swinging Strike
0-1: Foul Ball, location: 2F
0-2: Ball
1-2: Ball
2-2: Strikes out swinging
Bottom of the 2nd over - 0 run(s), 0 hit(s), 0 error(s), 0 left on base; Arizona 0 - Michigan 0
TOP OF THE 3RD
Arizona Wildcats batting - Pitching for Michigan Wolverines : RHP Juan García
Batting: RHB Tomás Delgado 0-0: Swinging Strike
0-1: Ball
1-1: Called Strike
1-2: Ball
2-2: Ball
3-2: Strikes out looking
Batting: RHB Jesús Ortíz 0-0: Ball
1-0: Ball
2-0: Called Strike
2-1: Called Strike
2-2: Strikes out looking
Batting: RHB Donald Fenner 0-0: Called Strike
0-1: Ball
1-1: Foul Ball, location: 2F
1-2: Foul Ball, location: 2F
1-2: DOUBLE (Flyball, 8LXD)
Batting: RHB Arnold Flint 0-0: Called Strike
0-1: Ball
1-1: Foul Ball, location: 2F
1-2: Ball
2-2: Foul Ball, location: 2F
2-2: SINGLE (Groundball, 5S) (infield hit)
Donald Fenner to third
Batting: RHB Jake Lawrence 0-0: Foul Ball, location: 2F
0-1: Foul Ball, location: 2F
0-2: Fielders Choice at 2nd, 6-4 (Groundball, 6)
Top of the 3rd over - 0 run(s), 2 hit(s), 0 error(s), 1 left on base; Arizona 0 - Michigan 0
BOTTOM OF THE 3RD
Michigan Wolverines batting - Pitching for Arizona Wildcats : RHP Michael Abrams
Batting: RHB Salvador Castro 0-0: Swinging Strike
0-1: Ball
1-1: Ball
2-1: Ball
3-1: Called Strike
3-2: Base on Balls
Batting: LHB David Sénéchal 0-0: Called Strike
0-1: Foul Ball, location: 2F
0-2: Ball
1-2: Foul Ball, location: 2F
1-2: Ball
2-2: Foul Ball, location: 2F
2-2: Ball
3-2: Base on Balls
Salvador Castro to second
Batting: RHB Rob Burkholder 0-0: Called Strike
0-1: Ball
1-1: Swinging Strike
1-2: Ball
2-2: Ball
Wild Pitch!
Salvador Castro to third
David Sénéchal to second
3-2: Fly out, F9 (Flyball, 9LMF)
Runner from 3rd tags up, SCORES, no throw
Batting: RHB Mark Brewer 0-0: SINGLE (Groundball, 56D)
David Sénéchal to third
Runner from 3rd tries for Home, SAFE, throw made home
Mark Brewer to second
Batting: RHB Bryan Koonts 0-0: SINGLE (Line Drive, 56)
Mark Brewer to third
Batting: RHB Jake Brown 0-0: Swinging Strike
0-1: Ball
1-1: Called Strike
1-2: Ball
2-2: Ball
3-2: Foul Ball, location: 2F
3-2: Base on Balls
Bryan Koonts to second
Batting: RHB Bill Andrews 0-0: SINGLE (Line Drive, 6D)
Mark Brewer scores
Bryan Koonts to third
Jake Brown to second
Runner from 3rd tries for Home, SAFE, no throw
Batting: RHB Walt Green 0-0: Hit by Pitch
Jake Brown to third
Bill Andrews to second
Batting: LHB Leon Malone 0-0: Swinging Strike
0-1: Called Strike
0-2: Ball
1-2: Foul Ball, location: 2F
1-2: Ball
2-2: Ball
3-2: Foul Ball, location: 2F
3-2: Base on Balls
Jake Brown scores
Bill Andrews to third
Walt Green to second
Batting: RHB Salvador Castro 0-0: Ball
1-0: Grounds into double play, 5-4-3 (Groundball, 56)
Bottom of the 3rd over - 5 run(s), 3 hit(s), 0 error(s), 2 left on base; Arizona 0 - Michigan 5
TOP OF THE 4TH
Arizona Wildcats batting - Pitching for Michigan Wolverines : RHP Juan García
Batting: RHB Jon Hartley 0-0: Ball
1-0: Ball
2-0: Called Strike
2-1: Foul Ball, location: 2F
2-2: Strikes out looking
Batting: RHB Juan Navarro 0-0: Called Strike
0-1: Ball
1-1: Fly out, F5 (Popup, 5D)
Batting: RHB Lúcio Pagán 0-0: Foul Ball, location: 2F
0-1: Ball
1-1: Foul Ball, location: 2F
1-2: DOUBLE (Line Drive, 89M)
Batting: RHB Dean Oglethorpe 0-0: Ball
1-0: Ball
2-0: Ground out 5-3 (Groundball, 56)
Top of the 4th over - 0 run(s), 1 hit(s), 0 error(s), 1 left on base; Arizona 0 - Michigan 5
BOTTOM OF THE 4TH
Michigan Wolverines batting - Pitching for Arizona Wildcats : RHP Michael Abrams
Batting: LHB David Sénéchal 0-0: Foul Ball, location: 2F
0-1: Foul Ball, location: 2F
0-2: Ball
1-2: Ground out 4-3 (Groundball, 6MS)
Batting: RHB Rob Burkholder 0-0: Ball
1-0: Ball
2-0: Ball
3-0: Base on Balls
Batting: RHB Mark Brewer 0-0: Ball
1-0: Ball
2-0: SINGLE (Groundball, 56D)
Rob Burkholder to second
Batting: RHB Bryan Koonts 0-0: Called Strike
0-1: Ball
1-1: Foul Ball, location: 2F
1-2: Ball
2-2: Reached on error, E1 (Groundball, P)
Rob Burkholder to third
Mark Brewer to second
Batting: RHB Jake Brown 0-0: Swinging Strike
0-1: Grounds into double play, 6-4-3 (Groundball, 6)
Bottom of the 4th over - 0 run(s), 1 hit(s), 1 error(s), 2 left on base; Arizona 0 - Michigan 5
TOP OF THE 5TH
Arizona Wildcats batting - Pitching for Michigan Wolverines : RHP Juan García
Batting: RHB Tomás Delgado 0-0: Ball
1-0: Ball
2-0: Foul Ball, location: 2F
2-1: Fly out, F4 (Line Drive, 4)
Batting: RHB Jesús Ortíz 0-0: Ball
1-0: Swinging Strike
1-1: Ball
2-1: Ball
3-1: SINGLE (Flyball, 8RS)
Pitching: RHP Jacob Coleman
Batting: RHB Donald Fenner 0-0: Ball
Throwing error on steal attempt, E2
Jesús Ortíz to third
1-0: Ball
2-0: Foul Ball, location: 2F
2-1: Ball
3-1: Fly out, F7 (Line Drive, 78M)
Runner from 3rd tags up, SCORES, no throw
Batting: RHB Arnold Flint 0-0: Ball
1-0: Called Strike
1-1: Fly out, F9 (Flyball, 9S)
Top of the 5th over - 1 run(s), 1 hit(s), 1 error(s), 0 left on base; Arizona 1 - Michigan 5
BOTTOM OF THE 5TH
Michigan Wolverines batting - Pitching for Arizona Wildcats : RHP Michael Abrams
Pitching: RHP Kenny Gray
Batting: RHB Bill Andrews 0-0: Called Strike
0-1: Foul Ball, location: 2F
0-2: Strikes out swinging
Batting: RHB Walt Green 0-0: Ball
1-0: Swinging Strike
1-1: Fly out, F8 (Flyball, 8RS)
Batting: LHB Leon Malone 0-0: Called Strike
0-1: SOLO HOME RUN (Flyball, 9D), Distance : 344 ft
Batting: RHB Salvador Castro 0-0: Called Strike
0-1: Ground out 4-3 (Groundball, 4M)
Bottom of the 5th over - 1 run(s), 1 hit(s), 0 error(s), 0 left on base; Arizona 1 - Michigan 6
TOP OF THE 6TH
Arizona Wildcats batting - Pitching for Michigan Wolverines : RHP Jacob Coleman
Batting: RHB Jake Lawrence 0-0: Ball
1-0: Ball
2-0: Swinging Strike
2-1: Ball
3-1: Called Strike
3-2: Foul Ball, location: 2F
3-2: Foul Ball, location: 2F
3-2: Strikes out swinging
Batting: RHB Jon Hartley 0-0: Swinging Strike
0-1: Ball
1-1: SINGLE (Groundball, 56D)
Batting: RHB Juan Navarro 0-0: Called Strike
0-1: Ball
1-1: Ball
Wild Pitch!
Jon Hartley to second
2-1: Swinging Strike
2-2: Ball
3-2: Base on Balls
Batting: RHB Lúcio Pagán 0-0: Ball
1-0: Ball
Jon Hartley steals 3rd base
Juan Navarro to second
2-0: Ball
3-0: Called Strike
3-1: SINGLE (Flyball, 8LS)
Jon Hartley scores
Juan Navarro to third
Runner from 3rd tries for Home, SAFE, no throw
Batting: RHB Dean Oglethorpe 0-0: Foul Ball, location: 2F
0-1: Ball
1-1: Fielders Choice at 2nd, 6-4 (Groundball, 6M)
Batting: RHB Tomás Delgado 0-0: Ball
1-0: Ball
2-0: Ball
3-0: Called Strike
3-1: Base on Balls
Dean Oglethorpe to second
Batting: RHB Jesús Ortíz 0-0: Called Strike
0-1: Ball
1-1: Ball
2-1: Fielders Choice at 2nd, 6-4 (Groundball, 6)
Top of the 6th over - 2 run(s), 2 hit(s), 0 error(s), 1 left on base; Arizona 3 - Michigan 6
BOTTOM OF THE 6TH
Michigan Wolverines batting - Pitching for Arizona Wildcats : RHP Kenny Gray
Batting: LHB David Sénéchal 0-0: Ground out 6-3 (Groundball, 6)
Batting: RHB Rob Burkholder 0-0: Ball
1-0: Foul Ball, location: 2F
1-1: Ball
2-1: Foul Ball, location: 2F
2-2: SOLO HOME RUN (Flyball, 7LD), Distance : 336 ft
Pitching: RHP Wilson Flores
Batting: RHB Mark Brewer 0-0: Ball
1-0: Swinging Strike
1-1: Ball
2-1: Ball
3-1: Base on Balls
Batting: RHB Bryan Koonts 0-0: DOUBLE (Line Drive, 8LM)
Mark Brewer to third
Runner from 3rd tries for Home, SAFE, no throw
Batting: RHB Jake Brown 0-0: Ball
1-0: Ball
2-0: Called Strike
2-1: Ball
3-1: SINGLE (Groundball, 56D)
Bryan Koonts to third
Runner from 3rd tries for Home, SAFE, no throw
Batting: RHB Bill Andrews 0-0: Ball
1-0: Grounds into double play, 6-4-3 (Groundball, 6)
Bottom of the 6th over - 3 run(s), 3 hit(s), 0 error(s), 0 left on base; Arizona 3 - Michigan 9
TOP OF THE 7TH
Arizona Wildcats batting - Pitching for Michigan Wolverines : RHP Jacob Coleman
Batting: RHB Donald Fenner 0-0: Ball
1-0: Swinging Strike
1-1: Foul Ball, location: 2F
1-2: Foul Ball, location: 2F
1-2: Foul Ball, location: 2F
1-2: Ball
2-2: Ground out 6-3 (Groundball, 6)
Batting: RHB Arnold Flint 0-0: Ball
1-0: Ball
2-0: Ball
3-0: Called Strike
3-1: Called Strike
3-2: Base on Balls
Pitching: RHP Tony Hernández
Batting: RHB Jake Lawrence 0-0: Ball
1-0: Ball
2-0: Fly out, F7 (Flyball, 78S)
Batting: RHB Jon Hartley 0-0: Called Strike
0-1: Foul Ball, location: 2F
0-2: Strikes out swinging
Top of the 7th over - 0 run(s), 0 hit(s), 0 error(s), 1 left on base; Arizona 3 - Michigan 9
BOTTOM OF THE 7TH
Michigan Wolverines batting - Pitching for Arizona Wildcats : RHP Wilson Flores
Batting: RHB Walt Green 0-0: Called Strike
0-1: Swinging Strike
0-2: Strikes out swinging
Batting: LHB Leon Malone 0-0: Hit by Pitch
Batting: RHB Salvador Castro 0-0: Ball
1-0: Swinging Strike
1-1: Ball
2-1: SINGLE (Line Drive, 8LS)
Leon Malone to second
Batting: LHB David Sénéchal 0-0: Ball
1-0: Foul Ball, location: 2F
1-1: Ball
2-1: Swinging Strike
2-2: Grounds into double play, 4-6-3 (Groundball, 4)
Bottom of the 7th over - 0 run(s), 1 hit(s), 0 error(s), 1 left on base; Arizona 3 - Michigan 9
TOP OF THE 8TH
Arizona Wildcats batting - Pitching for Michigan Wolverines : RHP Tony Hernández
Batting: RHB Juan Navarro 0-0: Ball
1-0: Swinging Strike
1-1: Called Strike
1-2: Strikes out swinging
Batting: RHB Lúcio Pagán 0-0: Ground out 6-3 (Groundball, 56)
Batting: RHB Dean Oglethorpe 0-0: Ground out 5-3 (Groundball, 5S)
Top of the 8th over - 0 run(s), 0 hit(s), 0 error(s), 0 left on base; Arizona 3 - Michigan 9
BOTTOM OF THE 8TH
Michigan Wolverines batting - Pitching for Arizona Wildcats : RHP Wilson Flores
Batting: RHB Rob Burkholder 0-0: Ball
1-0: Called Strike
1-1: Foul Ball, location: 2F
1-2: Foul Ball, location: 2F
1-2: Ball
2-2: Strikes out swinging
Batting: RHB Mark Brewer 0-0: Foul Ball, location: 2F
0-1: Called Strike
0-2: Strikes out swinging
Batting: RHB Bryan Koonts 0-0: Fly out, F6 (Popup, 6D)
Bottom of the 8th over - 0 run(s), 0 hit(s), 0 error(s), 0 left on base; Arizona 3 - Michigan 9
TOP OF THE 9TH
Arizona Wildcats batting - Pitching for Michigan Wolverines : RHP Tony Hernández
Now at 1B: Andrew Lewis
Batting: RHB Tomás Delgado 0-0: Ball
1-0: Ball
2-0: Called Strike
2-1: DOUBLE (Line Drive, 89D)
Batting: RHB Jesús Ortíz 0-0: Ball
1-0: Ball
2-0: Called Strike
2-1: Ground out U3 (Groundball, 34)
Tomás Delgado to third
Batting: RHB Donald Fenner 0-0: Called Strike
0-1: Foul Ball, location: 2F
0-2: Fly out, F7 (Flyball, 78M)
Runner from 3rd tags up, SCORES, throw made
Batting: RHB Arnold Flint 0-0: Called Strike
0-1: Ball
1-1: Foul Ball, location: 2F
1-2: Ball
2-2: Fly out, F8 (Line Drive, 8LXD)
Top of the 9th over - 1 run(s), 1 hit(s), 0 error(s), 0 left on base; Arizona 4 - Michigan 9
Thursday, March 30th, 2017 - OOTP Baseball 17.12 Build 75